 Dungeon Crawl Stone Soup version 0.29.1-13-g9f3cf754e1 (webtiles) character file.

Game seed: 13394552859353028271

207 Nickssm the Digger (level 5, -1/28 HPs)
             Began as a Gargoyle Earth Elementalist on Jan 19, 2023.
             Slain by Duvessa
             ... wielding a +0 short sword
              (3 damage)
             ... on level 5 of the Dungeon.
             The game lasted 00:21:35 (3403 turns).

Nickssm the Digger (Gargoyle Earth Elementalist)    Turns: 3403, Time: 00:21:40

Health: -1/28      AC:  8    Str: 12    XL:     5   Next: 85%
Magic:  7/10       EV: 11    Int: 17    God:
Gold:   65         SH:  0    Dex: 10    Spells: 8/11 levels left

rFire   . . .      SeeInvis .   w - +1 hand axe (elec)
rCold   . . .      Faith    .   (no shield)
rNeg    + . .      Spirit   .   a - +0 robe
rPois   ∞          Reflect  .   (no helmet)
rElec   +          Harm     .   (no cloak)
rCorr   .          Rampage  .   j - +0 pair of gloves
Will    .....                   p - +0 pair of boots
Stlth   ++........              (no amulet)
HPRegen 0.09/turn               (no ring)
MPRegen 0.12/turn               (no ring)

@: invisible
A: sickness immunity, AC +4, negative energy resistance 1, electricity
resistance, torment resistance 1, petrification resistance
a: no special abilities


You were on level 5 of the Dungeon.
You visited 1 branch of the dungeon, and saw 5 of its levels.

You collected 257 gold pieces.
You spent 192 gold pieces at shops.

Inventory:

Hand Weapons
 g - a +1 dagger of draining
 o - a +1 dagger of venom
 w - a +1 hand axe of electrocution (weapon)
Missiles
 h - 28 stones
Armour
 a - a +0 robe (worn)
 j - a +0 pair of gloves (worn)
 k - a +0 ring mail
 p - a +0 pair of boots (worn)
Scrolls
 c - a scroll of immolation {unknown}
 e - a scroll of vulnerability {unknown}
 l - 2 scrolls of teleportation {unknown}
 n - a scroll of noise {unknown}
 q - a scroll of enchant weapon {unknown}
 s - 5 scrolls of identify {unknown}
 v - a scroll of brand weapon {unknown}
Potions
 b - 2 potions of magic
 d - a potion of lignification {unknown}
 f - 2 potions of invisibility
 i - a potion of berserk rage {unknown}
 m - a potion of heal wounds {unknown}
 r - a potion of brilliance {unknown}
 t - a potion of ambrosia {unknown}
 u - a potion of degeneration {unknown}
 x - a potion of mutation {unknown}


   Skills:
 - Level 1.5 Dodging
 - Level 2.1 Stealth
 + Level 3.5 Spellcasting
 + Level 1.9 Conjurations
 - Level 2.0 Transmutations
 + Level 5.3 Earth Magic


You had 8 spell levels left.
You knew the following spells:

 Your Spells              Type           Power      Damage    Failure   Level
a - Sandblast             Erth           42%        2d11      1%          1
b - Passwall              Tmut/Erth      12%        N/A       5%          2

Your spell library contained the following spells:

 Spells                   Type           Power      Damage    Failure   Level
 Sting                    Tmut/Pois      24%        1d4       11%         1
 Stone Arrow              Conj/Erth      30%        3d8       12%         3
 Poisonous Vapours        Pois/Air       6%         N/A       26%         2
 Petrify                  Tmut/Erth      15%        N/A       36%         4
 Confusing Touch          Hex            3%         N/A       45%         3
 Olgreb's Toxic Radiance  Pois           3%         N/A       86%         4
 Yara's Violent Unravell  Hex/Tmut       3%         3d4       97%         5
 Enfeeble                 Hex            1%         N/A       100%        7


Dungeon Overview and Level Annotations

Branches:
Dungeon (5/15)
 Temple: D:4-7

Altars:
Elyvilon
Ru
Wu Jian

Shops:
D:1 :   D:5 (

Annotations:
D:4 Grinder
D:5 Dowan, Duvessa


Innate Abilities, Weirdness & Mutations

You are immune to sickness and miasma.
Your stone body is resilient. (AC +4)
You are immune to poison.
You resist negative energy. (rN+)
You are resistant to electric shocks. (rElec)
You are resistant to unholy torment.
You are immune to petrification.


Message History

Press: ? - help, v - describe, . - travel
Here: Duvessa, wielding a +0 short sword and wearing a +0 leather armour The floor.
Okay, then.
Okay, then.
Press: ? - help, v - describe, . - travel The floor.
Press: ? - help, . - travel You can't see that place. [the floor.]
Casting: Sandblast (safe; 1% risk of failure)
Confirm with . or Enter, or press ? or * to list all spells.
Aiming: Sandblast (safe; 1% risk of failure)
Press: ? - help, Shift-Dir - straight line, f - Duvessa
Aim: Duvessa, wielding a +0 short sword and wearing a +0 leather armour (85% to hit)
The blast of sand misses Duvessa.
Duvessa hits you with a +0 short sword!
Casting: Sandblast (safe; 1% risk of failure)
Confirm with . or Enter, or press ? or * to list all spells.
Aiming: Sandblast (safe; 1% risk of failure)
Press: ? - help, Shift-Dir - straight line, f/p - Duvessa
Aim: Duvessa, wielding a +0 short sword and wearing a +0 leather armour (85% to hit)
The blast of sand hits Duvessa.
Duvessa is lightly wounded.
Dowan points at Duvessa and mumbles some strange words.
Duvessa seems to speed up.
Duvessa hits you with a +0 short sword.
You hear a bark!
You aren't carrying any items that you can evoke.
Casting: Sandblast (safe; 1% risk of failure)
Confirm with . or Enter, or press ? or * to list all spells.
Aiming: Sandblast (safe; 1% risk of failure)
Press: ? - help, Shift-Dir - straight line, f/p - Duvessa
Aim: Duvessa, wielding a +0 short sword and wearing a +0 leather armour (lightly wounded, fast, 85% to hit)
The blast of sand misses Duvessa.
Duvessa hits you with a +0 short sword. x2
It was a potion of invisibility.
You fade into invisibility!
Duvessa hits you with a +0 short sword!
* * * LOW HITPOINT WARNING * * *
A hound comes into view.
Duvessa hits you with a +0 short sword.
You die...

#.#####
#e..he#
#########e#
#.......#@#
#.###.###.#
#.###.# #.#
#.##..# #.#
#.##8.###.#
##.##<...#.#
##..8.∩.8.#.#
#...#...#.#.#
#.###.8.#.#.#


You could see Duvessa (fast, unable to see you), Dowan (unable to see you) and a
hound.

Vanquished Creatures
  Natasha (thrice) (D:4)
  Robin (D:4)
  3 gnolls (D:3)
  An adder (D:2)
  3 dart slugs
  5 ball pythons
  4 endoplasms
  A giant cockroach (D:3)
  15 goblins
  13 hobgoblins
  3 jackals (D:1)
  3 quokkas
  4 bats
  2 frilled lizards (D:2)
  5 kobolds
  10 rats
76 creatures vanquished.

Vanquished Creatures (others)
  A plant (D:2)
1 creature vanquished.

Grand Total: 77 creatures vanquished

Notes
Turn   | Place    | Note
-------+----------+-------------------------------------------
     0 | D:1      | Nickssm the Gargoyle Earth Elementalist began the quest for
                  | the Orb.
     0 | D:1      | Reached XP level 1. HP: 10/10 MP: 3/3
   254 | D:1      | Reached skill level 1 in Transmutations
   298 | D:1      | Found Anirul's Book Boutique.
   381 | D:1      | Reached XP level 2. HP: 15/15 MP: 5/5
   869 | D:1      | Reached skill level 4 in Earth Magic
  1119 | D:2      | Reached XP level 3. HP: 17/19 MP: 2/6
  1507 | D:2      | Found a sacrificial altar of Ru.
  1643 | D:2      | Found a faded altar of an unknown god.
  2206 | D:3      | Reached XP level 4. HP: 24/24 MP: 8/8
  2472 | D:3      | Learned a level 2 spell: Passwall
  2802 | D:4      | Noticed Robin
  2816 | D:4      | Killed Robin
  2817 | D:4      | Reached XP level 5. HP: 21/28 MP: 4/9
  2938 | D:4      | Noticed Grinder
  2986 | D:4      | Found an ornate altar of the Wu Jian Council.
  3036 | D:4      | Reached skill level 1 in Conjurations
  3047 | D:4      | Noticed Natasha
  3055 | D:4      | Killed Natasha
  3056 | D:4      | Reached skill level 5 in Earth Magic
  3291 | D:4      | Found a white marble altar of Elyvilon.
  3292 | D:4      | Noticed Natasha
  3297 | D:4      | Killed Natasha
  3318 | D:4      | Noticed Natasha
  3322 | D:4      | Killed Natasha
  3346 | D:5      | Entered Level 5 of the Dungeon
  3353 | D:5      | Found Heff's Antique Weapon Emporium.
  3373 | D:5      | Bought a glowing hand axe for 192 gold pieces
  3398 | D:5      | Noticed Duvessa
  3398 | D:5      | Noticed Dowan
  3403 | D:5      | Slain by Duvessa

Illustrated notes

Levels and vault maps discovered:
D:1:      saegor_arrival_simple_b, layout_basic, serial_shops,
          nicolae_shop_stone
D:2:      layout_basic, ebering_ecumenical_altar_box, basic_altar,
          serial_bayou_pond_a
D:3:      layout_loops_ring
D:4:      layout_rooms, kennysheep_ying_yang, lemuel_doored_altar,
          serial_bayou_crossing, uniq_robin, uniq_grinder, uniq_natasha
D:5:      layout_basic, kiku_gazebo_pond_becter, serial_shops,
          nicolae_shop_statue_plus, uniq_duvessa, uniq_blork_the_orc,
          uniq_pikel, uniq_menkaure

Skill      XL: |  1  2  3  4  5 |
---------------+----------------+-----
Transmutations | 1 2 |  2.0
Earth Magic    | 4 5 |  5.3
Spellcasting   | 3 |  3.5
Conjurations   | 1 |  1.9
Dodging        | |  1.5
Stealth        | |  2.1

Action                   |  1- 3 |  4- 6 || total
-------------------------+-------+-------++-------
Melee: Unarmed           |     9 |       ||     9
       Dagger            |    86 |    54 ||   140
       Punch             |     1 |     1 ||     2
 Cast: Sandblast         |    16 |    29 ||    45
  Use: Potion            |       |     1 ||     1
 Stab: Sleeping          |       |     1 ||     1
Armor: Robe              |    37 |    22 ||    59
Dodge: Dodged            |    40 |    29 ||    69
